 Dungeon Crawl Stone Soup version 0.30-a0-897-ga2f19c967e (webtiles) character file.

Game seed: 9726181030941309758

492 112233 the Magician (level 6, -6/34 HPs)
             Began as a Deep Elf Fire Elementalist on Mar 17, 2023.
             Mangled by Pikel
             ... wielding a +1 whip of freezing
              (13 damage)
             ... on level 3 of the Dungeon.
             The game lasted 00:07:02 (4796 turns).

112233 the Magician (Deep Elf Fire Elementalist)    Turns: 4796, Time: 00:07:02

Health: -6/34      AC:  3    Str:  3 (5)  XL:     6   Next: 91%
Magic:  21/27      EV: 13    Int: 19 (22) God:
Gold:   211        SH:  0    Dex: 12 (15) Spells: 9/19 levels left

rFire   . . .      SeeInvis .    u - +4 whip
rCold   . . .      Faith    .    (no shield)
rNeg    . . .      Spirit   .    a - +0 robe
rPois   .          Reflect  .    (no helmet)
rElec   .          Rampage  .    (no cloak)
rCorr   .                        m - +0 pair of gloves
Will    .....                    (no boots)
Stlth   ++                       (no amulet)
HPRegen 0.25/turn                e - ring of magical power
MPRegen 0.20/turn                (no ring)

@: no status effects
A: no striking features
a: no special abilities


You were on level 3 of the Dungeon.
You visited 1 branch of the dungeon, and saw 4 of its levels.
You also visited: Sewer.

You collected 211 gold pieces.

Inventory:

Hand Weapons
 r - a +2 short sword of flaming
 u - a +4 whip (weapon)
Armour
 a - a +0 robe (worn)
 m - a +0 pair of gloves (worn)
 v - a +2 kite shield
Jewellery
 e - a ring of magical power (left hand)
 x - the Hermit's Pendant {Faith Invo=14 Evo=0 MP+5}
   (You found it on level 3 of the Dungeon)

   [amulet of faith]

   Invo=14: It sets your Invocations skill to 14.
   Evo=0: It sets your Evocations skill to 0.
   It allows you to gain divine favour quickly.
   MP:        It affects your magic capacity (+5).
Scrolls
 c - 2 scrolls of enchant weapon {unknown}
 h - 3 scrolls of identify {unknown}
 i - a scroll of immolation
 n - a scroll of poison {unknown}
 o - 2 scrolls of magic mapping {unknown}
 s - a scroll of torment {unknown}
 w - 2 scrolls of teleportation {unknown}
Potions
 b - a potion of magic
 j - a potion of berserk rage {unknown}
 k - 4 potions of haste {unknown}
 l - a potion of flight {unknown}
 p - a potion of lignification {unknown}
 q - 2 potions of invisibility {unknown}
 t - 2 potions of cancellation {unknown}
 z - a potion of curing {unknown}
 A - a potion of brilliance {unknown}


   Skills:
 + Level 1.3 Fighting
 + Level 3.5 Dodging
 - Level 2.6 Stealth
 + Level 7.3 Spellcasting
 - Level 1.3 Conjurations
 + Level 5.4 Fire Magic


You had 9 spell levels left.
You knew the following spells:

 Your Spells              Type           Power      Damage    Failure   Level
a - Foxfire               Conj/Fire      80%        2x1d8     2%          1
b - Scorch                Fire           54%        2d7       1%          2
c - Kindle Blastsparks    Fire/Tloc/Air  26%        2d12      14%         3
d - Flame Wave            Conj/Fire      20%        2d7       24%         4

Your spell library contained the following spells:

 Spells                   Type           Power      Damage    Failure   Level
 Inner Flame              Hex/Fire       17%        N/A       10%         3
 Tukima's Dance           Hex            6%         N/A       28%         3
 Passage of Golubria      Tloc           6%         N/A       67%         4
 Yara's Violent Unravell  Hex/Tmut       3%         3d4       95%         5
 Enfeeble                 Hex            3%         N/A       100%        7


Dungeon Overview and Level Annotations

Branches:
Dungeon (4/15)              Sewer (visited)
 Temple: D:4-7

Altars:
Fedhas
Qazlal

Annotations:
D:3 Pikel


Message History

As you read the scroll labelled YXKA TEYSCHE, it crumbles to dust.
It was a scroll of blinking.
There is a stone staircase leading up here.
Casting: Scorch (safe; 1% risk of failure)
Confirm with . or Enter, or press ? or * to list all spells.
You conjure some foxfire!
The foxfire hits Pikel.
Flame seeps out of Pikel.
Pikel is moderately wounded.
Casting: Foxfire (safe; 1% risk of failure)
Confirm with . or Enter, or press ? or * to list all spells.
You conjure some foxfire!
Pikel is engulfed in blazing flames.
Flame seeps out of Pikel.
Pikel says, "You'll freeze in Cocytus!"
The foxfire hits Pikel but does no damage.
Pikel is severely wounded.
The foxfire hits Pikel but does no damage.
Pikel is severely wounded.
Casting: Foxfire (safe; 1% risk of failure)
Confirm with . or Enter, or press ? or * to list all spells.
Flames lash Pikel.
Flame seeps out of Pikel.
Pikel is almost dead.
Pikel's fire resistance burns away.
Pikel is engulfed in blazing flames.
Flame seeps out of Pikel.
Pikel closely misses you.
Unknown command.
Your foxfire dissipates!
Unknown command.
Okay, then.
Pikel attacks as you move away!
Pikel hits you with a +1 whip of freezing.
* * * LOW HITPOINT WARNING * * *
Pikel freezes you.
* * * LOW HITPOINT WARNING * * *
Pikel is no longer more vulnerable to fire.
Unknown command.
It was a potion of degeneration.
There was something very wrong with that liquid.
You feel weakened.
You feel dopey.
You feel clumsy.
Pikel hits you with a +1 whip of freezing!
You die...

...........'.........'.......####
##.##...#.##.........###........)
#.##..##.###.......## #.#..####.
#.##..##.# ##.....## #.##.# #.
#.###.##.# ##...## #.##.## #.
#.###.##.# ##+## #.##..# #.
#........# #.# #.###.# #.
#####K#### #.# #.# #.# #. #.#
##@#######.###.###. #.#
####K..#...##......... #.#
##.#.....###.#####.#### #.#
##..<#...#####.####.#
#.###..).)#..##.........#
#............##.##.######
####............#.##
#........##...## ###...##.######


You could see Pikel (inner flame).

Vanquished Creatures
  Sigmund (D:4)
  3 lemures
  A kobold brigand (Sewer)
  A hound (D:4)
  An iguana (D:4)
  3 river rats (Sewer)
  7 adders
  7 worms
  2 dart slugs
  6 orcs
  10 endoplasms
  4 giant cockroaches
  7 goblins
  7 hobgoblins
  5 jackals
  10 quokkas
  7 ball pythons
  6 bats
  2 frilled lizards (D:1)
  9 kobolds
  2 rats
101 creatures vanquished.

Vanquished Creatures (others)
  364 foxfires
364 creatures vanquished.

Grand Total: 465 creatures vanquished

Notes
Turn   | Place    | Note
-------+----------+-------------------------------------------
     0 | D:1      | 112233 the Deep Elf Fire Elementalist began the quest for
                  | the Orb.
     0 | D:1      | Reached XP level 1. HP: 10/10 MP: 6/6
   179 | D:1      | Reached XP level 2. HP: 15/15 MP: 4/8
   182 | D:1      | Learned a level 2 spell: Scorch
   876 | D:1      | Reached skill level 4 in Spellcasting
  1112 | D:2      | Reached XP level 3. HP: 19/19 MP: 5/10
  1638 | D:2      | Reached skill level 5 in Spellcasting
  1752 | D:2      | Learned a level 3 spell: Kindle Blastsparks
  1920 | D:2      | Reached XP level 4. HP: 18/24 MP: 8/13
  2847 | D:3      | Found a glowing drain.
  2870 | Sewer    | Entered a sewer
  2935 | Sewer    | Reached skill level 6 in Spellcasting
  2935 | Sewer    | Reached XP level 5. HP: 28/28 MP: 10/15
  3659 | D:3      | Found a blossoming altar of Fedhas.
  3695 | D:3      | Reached skill level 5 in Fire Magic
  3834 | D:3      | Found the Hermit's Pendant {Faith Invo=14 Evo=0 MP+5}
  3912 | D:3      | Reached XP level 6. HP: 32/32 MP: 17/17
  4309 | D:4      | Found a stormy altar of Qazlal.
  4394 | D:4      | Noticed Sigmund
  4400 | D:4      | Killed Sigmund
  4401 | D:4      | Reached skill level 1 in Fighting
  4401 | D:4      | Reached skill level 7 in Spellcasting
  4629 | D:4      | Learned a level 4 spell: Flame Wave
  4717 | D:4      | Noticed Pikel
  4796 | D:3      | Mangled by Pikel

Illustrated notes

Levels and vault maps discovered:
D:1:      lightli_arrival_maybe_door_vault, layout_basic,
          chequers_decorated_corner
D:2:      layout_loops_cross, hangedman_decor_points, corexii_hall_statues_x,
          minmay_misc_feat_enclosed, minmay_tromino_v4_c
D:3:      layout_loops_corners, fedhas_altar_4, portal_sewer_entry_f
D:4:      layout_cave_pools, kennysheep_mini_moat,
          nicolae_ru_sacrificial_ziggurat, serial_column_ruins,
          column_ruins_hut_pillars, column_ruins_grid_5, column_ruins_open_tiny,
          column_ruins_corridor_dead_end, column_ruins_open_small,
          column_ruins_columns_straight, column_ruins_grid_1,
          column_ruins_columns_straight, uniq_sigmund, uniq_crazy_yiuf_cottage,
          uniq_pikel, uniq_eustachio

Skill      XL: |  1  2  3  4  5  6 |
---------------+-------------------+-----
Spellcasting   | 4 5 6 7 |  7.3
Fire Magic     | 4 5 |  5.4
Fighting       | 1 |  1.3
Dodging        | 3 |  3.5
Stealth        | |  2.6
Conjurations   | |  1.3

Action                     |  1- 3 |  4- 6 || total
---------------------------+-------+-------++-------
  Melee: Unarmed           |     1 |       ||     1
   Cast: Foxfire           |    97 |   125 ||   222
         Scorch            |       |    34 ||    34
    Use: Potion            |       |     3 ||     3
         Scroll            |       |     2 ||     2
 Armour: Robe              |     4 |     6 ||    10
  Dodge: Dodged            |     9 |    33 ||    42

Table legend: (Time is in decaauts)
 A = Elapsed time spent in this place.
 B = Non-inter-level travel time spent in this place.
 C = Inter-level travel time spent in this place.
 D = Time resting spent in this place.
 E = Time spent auto-exploring this place.
 F = Levels seen in this place.
 G = Mean time per level.
                   A        B        C        D        E       F      G
               +--------+--------+--------+--------+--------+-----+--------+
         Total |   4882 |   4800 |     82 |    188 |   3647 |   5 |  976.4 |
       Dungeon |   4118 |   4036 |     82 |    188 |   3155 |   4 | 1029.5 |
         Sewer |    764 |    764 |      0 |      0 |    492 |   1 |  764.0 |
               +--------+--------+--------+--------+--------+-----+--------+

Top non-repeatable levels by time:
     D:2: 1405 daAuts
     D:3: 1235 daAuts
     D:1: 1035 daAuts
   Sewer: 764 daAuts
     D:4: 442 daAuts
